 Dungeon Crawl Stone Soup version 0.31.0-32-g396128a36d (webtiles) character file.

Game seed: 10995920174247440106

7 mainiacjoe the Ducker (level 2, 21/21 HPs)
             Began as an Octopode Berserker on Mar 30, 2024.
             Was a Follower of Trog.
             Quit the game on level 1 of the Dungeon.
             The game lasted 00:00:29 (196 turns).

mainiacjoe the Ducker (Octopode Berserker)           Turns: 196, Time: 00:00:29

Health: 21/21      AC:  1    Str: 16    XL:     2   Next: 0%
Magic:  2/2        EV: 13    Int:  9    God:    Trog [*.....]
Gold:   22         SH:  0    Dex: 11    Spells: 1/1 levels left

rFire   . .          .
                       - Unarmed
rCold   . . .        (no shield)
rNeg    . . .        (helmet restricted)
rPois   .            (no amulet)
rElec   .            (no ring)
rCorr   .            (no ring)
SInv    .            (no ring)
Will    .....        (no ring)
Stlth   ++           (no ring)
HPRegen 0.23/turn    (no ring)
MPRegen 0.08/turn    (no ring)
                     (no ring)

%: no passive effects
@: no status effects
A: almost no armour, amphibious, 8 rings, camouflage 1, gelatinous body 1,
(nimble swimmer 1), tentacles
a: Renounce Religion, Berserk


You were on level 1 of the Dungeon.
You worshipped Trog.
Trog was aware of your devotion.
You visited 1 branch of the dungeon, and saw 1 of its levels.

You collected 22 gold pieces.

Inventory:

Missiles
 e - 4 boomerangs (quivered)
Scrolls
 c - a scroll of revelation {unknown}
 d - a scroll of fog {unknown}
Potions
 a - a potion of attraction {unknown}
 b - a potion of magic {unknown}


   Skills:
 + Level 3.0 Fighting
 * Level 3.1 Dodging
 + Level 0.6 Stealth
 * Level 3.1 Unarmed Combat


You had one spell level left.
You didn't know any spells.
Your spell library was empty.

Dungeon Overview and Level Annotations

Branches:
Dungeon (1/15)

Altars:


Innate Abilities, Weirdness & Mutations

You cannot wear most types of armour.
You are amphibious.
You can wear up to eight rings at the same time.
Your skin changes colour to match your surroundings (Stealth+).
Your rubbery body absorbs attacks. (AC +1, EV +1)
((You are camouflaged when in or above water. (Stealth+)))
You have tentacles for arms and can constrict up to eight enemies at once.


Message History

There is an open door here.
A hobgoblin comes into view.
Found 6 gold pieces.
A hobgoblin is nearby!
Found 4 boomerangs.
The hobgoblin shouts!
A bat comes into view.
The bat moves out of view.
The bat hits you but does no damage. The hobgoblin misses you.
You closely miss the hobgoblin. Your grab misses the hobgoblin.
The bat closely misses you. The hobgoblin barely misses you.
You closely miss the hobgoblin. You grab the hobgoblin.
You tentacle-slap the hobgoblin.
The hobgoblin is lightly wounded.
You constrict the hobgoblin. You tentacle-slap the hobgoblin.
The hobgoblin is severely wounded.
You constrict the hobgoblin, but do no damage.
The bat barely misses you. The hobgoblin hits you.
You tentacle-slap the hobgoblin.
You kill the hobgoblin!
Trog accepts your kill. The bat hits you. The bat closely misses you.
You bludgeon the bat!
You kill the bat!
Trog accepts your kill.
No target in view!
No target in view!
You now have 22 gold pieces (gained 6).
e - 4 boomerangs You open the door.
Found a stone staircase leading down.
There is an open door here.
A ball python comes into view.
You throw a boomerang. The boomerang hits the ball python.
You kill the ball python!
Trog accepts your kill.
You have reached level 2!
Are you sure you want to abandon this character and quit the game? (Confirm with "yes".)

#
........#
#
#######.#
#.# #.####
#.##.. #
#.##.###.#
#.##.....
#.##..#
#...@.#
#..##.#
#...# .#
#..## †#
....# .#
##...# .#
#.### .#
#. .#


There were no monsters in sight!

Vanquished Creatures
  A ball python (D:1)
  A bat (D:1)
  3 hobgoblins (D:1)
5 creatures vanquished.

Notes
Turn   | Place    | Note
-------+----------+-------------------------------------------
     0 | D:1      | mainiacjoe the Octopode Berserker began the quest for the
                  | Orb.
     0 | D:1      | Reached XP level 1. HP: 16/16 MP: 1/1
   196 | D:1      | Reached XP level 2. HP: 21/21 MP: 2/2
   196 | D:1      | Quit the game

Illustrated notes

Levels and vault maps discovered:
D:1:      psy_arrival_fountain, layout_basic

Action                     || total
---------------------------++-------
  Melee: Unarmed           ||     8
         Constrict         ||     2
         Punch             ||     1
  Throw: Boomerang         ||     1
   Stab: Sleeping          ||     1
 Armour: Skin              ||     4
  Dodge: Dodged            ||     6
